 Dungeon Crawl Stone Soup version 0.24.1-4-ge52af88ad5 (webtiles) character file.

Game seed: 15639543909441406831, levelgen mode: deterministic

1672 Curus the Carver (level 8, 0/64 HPs)
             Began as a Minotaur Monk on Apr 12, 2020.
             Was an Elder of Okawaru.
             Succumbed to a killer bee's poison
             ... on level 7 of the Dungeon on Apr 13, 2020.
             The game lasted 00:31:56 (4727 turns).

Curus the Carver (Minotaur Monk)                    Turns: 4727, Time: 00:31:57

Health: 0/64       AC:  8    Str: 16    XL:     8   Next: 70%
Magic:  5/7        EV: 16    Int:  7    God:    Okawaru [****..]
Gold:   298        SH:  0    Dex: 15    Spells: 7/7 levels left

rFire    . . .     SeeInvis +   o - +0 falchion (holy)
rCold    . . .     Gourm    .   (no shield)
rNeg     . . .     Faith    .   d - +0 ring mail
rPois    .         Spirit   .   l - +1 hat {MR+}
rElec    .         Reflect  .   (no cloak)
rCorr    .         Harm     .   e - +0 pair of gloves
MR       +....                  (no boots)
Stlth    +++.......             (no amulet)
HPRegen  0.20/turn              g - ring of see invisible
MPRegen  0.10/turn              (no ring)

@: lethally poisoned (0 -> -2), heroism
A: retaliatory headbutt, horns 2
a: Heroism, Renounce Religion


You were on level 7 of the Dungeon.
You worshipped Okawaru.
Okawaru was greatly pleased with you.
You were very hungry.

You visited 2 branches of the dungeon, and saw 8 of its levels.

You collected 430 gold pieces.
You spent 132 gold pieces at shops.

Inventory:

Hand Weapons
 a - a +2 falchion
 o - a +0 falchion of holy wrath (weapon)
Armour
 b - a +0 robe
 d - a +0 ring mail (worn)
 e - a +0 pair of gloves (worn)
 l - a +1 hat of magic resistance (worn)
Jewellery
 g - a ring of see invisible (left hand)
Wands
 p - a wand of acid (12)
 s - a wand of disintegration (17)
Scrolls
 h - 5 scrolls of identify
 i - 2 scrolls of amnesia
 j - 2 scrolls of teleportation
 m - 2 scrolls of remove curse
 n - a scroll of blinking
 q - a scroll of magic mapping
Potions
 f - 5 potions of curing
 k - 3 potions of brilliance
Comestibles
 c - 9 rations


   Skills:
 - Level 3.6(8.6) Fighting
 + Level 13.2(18.2) Long Blades
 - Level 3.2(8.2) Dodging
 - Level 1.5(6.5) Stealth


You had 7 spell levels left.
You didn't know any spells.
Your spell library contained the following spells:

 Spells                   Type           Power        Failure   Level  Hunger
 Beastly Appendage        Tmut           #.....       63%         1    ##.....
 Flame Tongue             Conj/Fire      #....        63%         1    ##.....
 Sticks to Snakes         Tmut           #.......     77%         2    ###....
 Throw Flame              Conj/Fire      #.....       77%         2    ###....
 Conjure Flame            Conj/Fire      #.......     94%         3    ####...
 Inner Flame              Hex/Fire       #.......     94%         3    ####...
 Spider Form              Tmut/Pois      #.........   94%         3    ####...
 Ice Form                 Ice/Tmut       #.......     100%        4    #####..
 Sticky Flame             Conj/Fire      #.......     100%        4    #####..
 Blade Hands              Tmut           #.........   100%        5    ######.
 Fireball                 Conj/Fire      #.........   100%        5    ######.


Dungeon Overview and Level Annotations

Branches:
Dungeon (7/15)             Temple (1/1) D:4

Altars:
Ashenzari
Cheibriados
Dithmenos
Fedhas
Gozag
Hepliaklqana
Kikubaaqudgha
Makhleb
Nemelex Xobeh
Okawaru
Qazlal
Sif Muna
Trog
Uskayaw
Vehumet
Xom
Yredelemnul
Zin
The Shining One

Shops:
D:4 [


Innate Abilities, Weirdness & Mutations

You reflexively headbutt those who attack you in melee.
You have a pair of horns on your head.


Message History

Things that are here:
a killer bee corpse x2
You hit the big kobold but do no damage.
You headbutt the big kobold.
The big kobold is moderately wounded.
You feel sick.
You hit the big kobold.
You headbutt the big kobold, but do no damage.
The big kobold is heavily wounded.
The big kobold hits you with a +0 short sword.
* * * LOW HITPOINT WARNING * * *
You miss the big kobold.
The big kobold is heavily wounded.
You hit the big kobold. You headbutt the big kobold.
The big kobold is severely wounded.
The big kobold barely misses you.
You slash the big kobold!
You kill the big kobold!
Okawaru accepts your kill.
You die...

......##...##.
.#
......###...#.#
#. .... ......#
#...##. .##.#.
......# ##...#.#
#. ... #'#'###
#...##. .##.K
#.#.# ##...#.#.
.y . #.#.#
#...##.##K# ..
#.#.#
##...#.#..#.##.#
#.#.#
#...#@#().....#
#.#.#
##...#).K#.#..#
#.#.#
#...#K#......
#.#.#
##....###....
#..(.# ..##
####...# ##
#####


You could see 2 kobolds.

Vanquished Creatures
  A water moccasin (D:6)
  An orc warrior (D:6)
  3 ice beasts
  A phantom (D:5)
  A big kobold (D:7)
  A scorpion (D:7)
  5 killer bees (D:7)
  A howler monkey (D:5)
  3 crimson imps
  2 hounds
  2 orc priests
  4 orc wizards
  3 iguanas
  4 worker ants
  A hound skeleton (D:7)
  A mummy (D:4)
  6 adders
  A howler monkey skeleton (D:4)
  A shadow imp (D:5)
  2 oozes
  5 worms
  A dart slug (D:1)
  5 leopard geckos
  18 orcs
  12 bats
  7 giant cockroaches
  7 goblins
  5 hobgoblins
  5 jackals (D:6)
  4 quokkas
  A ball python (D:2)
  4 frilled lizards
  3 hobgoblin zombies (D:4)
  9 kobolds
  An orc zombie (D:4)
  A quokka zombie (D:6)
  8 rats
140 creatures vanquished.

Notes
Turn   | Place    | Note
-------+----------+-------------------------------------------
     0 | D:1      | Curus the Minotaur Monk began the quest for the Orb.
     0 | D:1      | Reached XP level 1. HP: 19/19 MP: 0/0
    72 | D:1      | Reached skill level 4 in Long Blades
   127 | D:1      | Reached XP level 2. HP: 25/26 MP: 1/1
   358 | D:1      | Reached skill level 5 in Long Blades
   458 | D:1      | Reached XP level 3. HP: 31/31 MP: 2/2
  1144 | D:3      | Reached skill level 6 in Long Blades
  1144 | D:3      | Reached XP level 4. HP: 37/39 MP: 3/3
  1762 | D:4      | Reached XP level 5. HP: 42/45 MP: 4/4
  1786 | D:4      | Reached skill level 7 in Long Blades
  1977 | D:4      | Found a staircase to the Ecumenical Temple.
  1988 | Temple   | Entered the Ecumenical Temple
  2083 | Temple   | Became a worshipper of Warmaster Okawaru
  2083 | Temple   | Reached * piety under Okawaru
  2083 | Temple   | Reached ** piety under Okawaru
  2161 | D:4      | Reached skill level 8 in Long Blades
  2179 | D:4      | Reached XP level 6. HP: 47/51 MP: 5/5
  2274 | D:4      | Found Sonoism's Armour Emporium.
  2282 | D:4      | Bought a +0 hat of magic resistance for 132 gold pieces
  2532 | D:5      | Entered Level 5 of the Dungeon
  2618 | D:5      | Noticed an ice beast
  2627 | D:5      | Killed an ice beast
  2691 | D:5      | Reached skill level 9 in Long Blades
  2871 | D:5      | Found a snail-covered altar of Cheibriados.
  2920 | D:5      | Reached XP level 7. HP: 57/57 MP: 6/6
  2935 | D:5      | Reached skill level 10 in Long Blades
  3616 | D:6      | HP: 1/57 [orc warrior/+0 flail (11)]
  3871 | D:6      | Reached *** piety under Okawaru
  3871 | D:6      | Reached skill level 11 in Long Blades
  4228 | D:6      | Reached XP level 8. HP: 64/64 MP: 7/7
  4248 | D:6      | Found a sparkling altar of Nemelex Xobeh.
  4391 | D:6      | Reached skill level 12 in Long Blades
  4547 | D:6      | Found a bloodstained altar of Trog.
  4721 | D:7      | Reached skill level 13 in Long Blades
  4724 | D:7      | HP: 1/64 [big kobold/+0 short sword (6)]
  4727 | D:7      | Reached **** piety under Okawaru
  4727 | D:7      | Succumbed to a killer bee's poison

Levels and vault maps discovered:
D:1:      dpeg_arrival_lava_altar, layout_rooms, chequers_serial_rivers_micro_b
D:2:      layout_loops_cross
D:3:      layout_loops_cross, first_ration, ebering_dispersal_statue_hall
D:4:      layout_basic, minmay_temple_entry_glassed_door, serial_shops, shop,
          minmay_mini_ossuary
D:5:      kennysheep_spiral_hall, layout_loops_ring, old_standard_altar
D:6:      layout_basic, bloody_trog, nemelex_xobeh_ov_fountains_minmay
D:7:      minmay_the_grid_four_pointed_star
          [minmay_the_grid_triangle_9x9_flanged_cone,
          minmay_the_grid_triangle_9x9_windchime,
          minmay_the_grid_triangle_9x9_semitri,
          minmay_the_grid_triangle_9x9_odd_lines,
          minmay_the_grid_prize_shrinking_boxes], layout_basic, the_bakery,
          trog_butcher_becter
Temple:   regret_index_temple_sphere_string

Skill      XL: |  1  2  3  4  5  6  7  8 |
---------------+-------------------------+-----
Long Blades    | 4 5 6 8 9 11 13 | 13.2
Fighting       | |  3.6
Dodging        | |  3.2
Stealth        | |  1.5

Action                   |  1- 3 |  4- 6 |  7- 9 || total
-------------------------+-------+-------+-------++-------
Melee: Falchion          |    70 |   124 |   190 ||   384
       Headbutt          |    12 |    26 |    41 ||    79
Invok: Heroism           |       |       |     2 ||     2
  Use: Scroll            |     6 |     7 |       ||    13
       Potion            |     4 |     3 |     1 ||     8
  Eat: Chunk             |       |     6 |     5 ||    11
Armor: Ring mail         |    27 |    25 |    46 ||    98
Dodge: Dodged            |    30 |    57 |   123 ||   210
       Rpst.: Falchion   |     8 |    10 |    31 ||    49
